 Dungeon Crawl Stone Soup version 0.26-a0-651-gb41185065b (webtiles) character file.

Game seed: 13898037045176510862

14233 wullow the Thaumaturge (level 12, -21/91 HPs)
             Began as a Gnoll Venom Mage on Oct 28, 2020.
             Was an Elder of Sif Muna.
             Killed from afar by an ice statue (40 damage)
             ... with a bolt of cold
             ... in an ice cave on Oct 29, 2020.
             The game lasted 01:04:54 (16464 turns).

wullow the Thaumaturge (Gnoll Venom Mage)          Turns: 16464, Time: 01:04:55

Health: -21/91     AC: 16    Str: 13    XL:     12   Next: 14%
Magic:  24/24      EV: 18    Int: 21    God:    Sif Muna [****..]
Gold:   522        SH:  6    Dex: 15    Spells: 15/28 levels left

rFire    . . .     SeeInvis .   C - +2 flail (protect)
rCold    . . .     Faith    .   Q - +0 buckler
rNeg     + . .     Spirit   .   M - +0 steam dragon scales
rPois    +         Reflect  .   u - +0 helmet
rElec    .         Harm     .   (no cloak)
rCorr    .         Rampage  .   K - +0 pair of gloves
MR       .....                  (no boots)
Stlth    ++++......             (no amulet)
HPRegen  0.25/turn              o - ring of positive energy
MPRegen  0.19/turn              R - ring of poison resistance

@: protection aura
A: distributed training, fangs 1, strong nose
a: Channel Magic, Forget Spell, Divine Exegesis, Renounce Religion


You were in an ice cave.
You worshipped Sif Muna.
Sif Muna was greatly pleased with you.
You visited 3 branches of the dungeon, and saw 13 of its levels.
You also visited: Ice Cave.

You collected 522 gold pieces.

Inventory:

Hand Weapons
 A - a +2 rapier of freezing
 C - a +2 flail of protection (weapon)
Missiles
 b - 390 stones (quivered)
 i - 3 javelins
 q - 2 throwing nets
 x - 32 poisoned darts
Armour
 u - a +0 helmet (worn)
 K - a +0 pair of gloves (worn)
 M - +0 steam dragon scales (worn)
 Q - a +0 buckler (worn)
Jewellery
 o - a ring of positive energy (left hand)
 R - a ring of poison resistance (right hand)
Wands
 p - a wand of polymorph (11)
 w - a wand of flame (48)
 D - a wand of digging (3)
 H - a wand of acid (17)
 P - a wand of iceblast (12)
 U - a wand of enslavement (7)
 X - a wand of random effects (22)
 Z - a wand of paralysis (15)
Scrolls
 a - 2 scrolls of fog
 e - a scroll of enchant armour {unknown}
 g - a scroll of identify
 k - 2 scrolls of amnesia
 l - 6 scrolls of remove curse
 m - a scroll of immolation {unknown}
 y - a scroll of magic mapping
 B - a scroll of enchant weapon {unknown}
 I - 2 scrolls of random uselessness {unknown}
 J - 3 scrolls of noise {unknown}
 T - a scroll of vulnerability {unknown}
 V - 4 scrolls of teleportation
 W - a scroll of brand weapon {unknown}
 Y - a scroll of acquirement {unknown}
Potions
 c - 4 potions of berserk rage
 d - 6 potions of heal wounds
 f - a potion of invisibility {unknown}
 h - 2 potions of curing {unknown}
 j - a potion of might {unknown}
 r - 4 potions of lignification
 v - 3 potions of haste
 z - 3 potions of mutation {unknown}
 E - 2 potions of ambrosia {unknown}
 N - a potion of flight {unknown}
 O - a potion of brilliance {unknown}
 S - a potion of cancellation {unknown}


   Skills:
 + Level 7.0 Fighting
 + Level 7.0 Short Blades
 + Level 7.0 Long Blades
 + Level 7.0 Axes
 + Level 7.0 Maces & Flails
 + Level 7.0 Polearms
 + Level 7.0 Staves
 + Level 7.0 Slings
 + Level 7.0 Bows
 + Level 7.0 Crossbows
 + Level 7.0 Throwing
 + Level 7.0 Armour
 + Level 8.4 Dodging
 + Level 8.2 Stealth
 + Level 7.0 Shields
 + Level 7.0 Unarmed Combat
 + Level 8.7 Spellcasting
 + Level 5.8 Conjurations
 + Level 5.8 Hexes
 + Level 5.8 Summonings
 + Level 5.8 Necromancy
 + Level 5.8 Translocations
 + Level 6.2 Transmutations
 + Level 5.8 Fire Magic
 + Level 5.8 Ice Magic
 + Level 5.8 Air Magic
 + Level 5.8 Earth Magic
 + Level 8.1 Poison Magic
 + Level 7.7 Invocations
 + Level 7.0 Evocations


You had 15 spell levels left.
You knew the following spells:

 Your Spells              Type           Power        Failure   Level
a - Sting                 Tmut/Pois      ####         1%          1
b - Poisonous Vapours     Pois/Air       #####.       1%          2
c - Mephitic Cloud        Conj/Pois/Air  #####...     1%          3
d - Ignite Poison         Fire/Tmut/Pois #####...     1%          3
e - Sticky Flame          Conj/Fire      ####....     7%          4

Your spell library contained the following spells:

 Spells                   Type           Power        Failure   Level
 Foxfire                  Conj/Fire      ####         1%          1
 Conjure Flame            Conj/Fire      ####....     1%          3
 Inner Flame              Hex/Fire       ####....     1%          3
 Olgreb's Toxic Radiance  Pois           #####...     2%          4
 Hailstorm                Conj/Ice       ####....     7%          4
 Fireball                 Conj/Fire      ####......   19%         5
 Simulacrum               Ice/Necr       ####......   71%         6


Dungeon Overview and Level Annotations

Branches:
Dungeon (10/15)            Temple (1/1) D:6            Lair (2/6) D:8
 Shoals (0/4) Lair:2        IceCv (1/1)
  Snake: Lair:2-4    Spider: Lair:2-4       Orc: D:9-12

Altars:
Ashenzari
Cheibriados
Dithmenos
Elyvilon
Fedhas
Gozag
Hepliaklqana
Kikubaaqudgha
Makhleb
Nemelex Xobeh
Okawaru
Qazlal
Ru
Sif Muna
Trog
Uskayaw
Vehumet
Wu Jian
Xom
Yredelemnul
Zin
The Shining One

Shops:
D:5 [   D:10 *

Annotations:
D:7 2 transporters IceCv exclusion: 2 ice statues


Innate Abilities, Weirdness & Mutations

Your experience applies equally to all skills.
You have very sharp teeth.
Your uncanny sense of smell can sniff out nearby items.


Message History

The shard of ice hits you!!
* * * LOW HITPOINT WARNING * * *
The ice beast misses you.
You hit the ice statue.
The ice statue is moderately damaged.
The ice statue glitters chillingly in the dim dungeon light.
The ice statue gestures at you. The freezing blast engulfs you.
* * * LOW HITPOINT WARNING * * *
The ice beast hits you but does no damage.
Quiver which item? (- for none, * to show all) (? for menu, Esc to quit)
Okay, then.
Okay, then.
Quiver which item? (- for none, * to show all) (? for menu, Esc to quit)
Okay, then.
You feel much better.
You are engulfed in freezing vapours.
* * * LOW HITPOINT WARNING * * *
The ice statue gestures at you. The bolt of cold hits you!!!
You die...

#...............#
#.......⌠.......#
###...............#
#.#...............#
#.#.............#
#..............#
#☼YY.........#
#Y8#.....#8##
#@##...## ##☼#...#
##§☼.## #☼§.##
##...# ##...##
##.....## #...∩...#
#...∩...#


You could see an ice statue and 3 ice beasts.

Vanquished Creatures
  A hydra (Lair:1)
  2 two-headed ogres
  Sonja (D:10)
  Nergalle (D:10)
  Pikel (D:4)
  A cane toad (Lair:1)
  A centaur skeleton (D:10)
  A komodo dragon (Lair:1)
  Maggie (D:6)
  2 ice devils (IceCv)
  6 hippogriffs
  A wraith (D:7)
  A wyvern (D:10)
  9 yaks
  Eustachio (D:4)
  2 wargs (D:8)
  Edmund (D:4)
  2 water moccasins (Lair:1)
  A soldier ant (D:10)
  3 black bears
  6 orc warriors
  3 sky beasts
  8 ice beasts (Lair:2)
  A phantom (D:5)
  An eye of draining (D:10)
  A necrophage (D:8)
  5 centaurs
  5 ogres
  A crocodile (Lair:1)
  A big kobold (D:8)
  A lemure (D:4)
  Blork the orc (D:3)
  4 bullfrogs
  A gnoll sergeant (D:9)
  2 scorpions
  7 killer bees (D:9)
  4 wights (D:8)
  4 electric eels (Lair:1)
  3 howler monkeys (D:8)
  A quasit (D:9)
  6 hounds
  6 orc priests
  12 orc wizards
  A bullfrog skeleton (D:6)
  A gnoll shaman (D:8)
  Ijyb (D:4)
  3 iguanas
  7 worker ants
  A killer bee zombie (D:9)
  A hound skeleton (D:7)
  3 worker ant zombies
  Robin (D:2)
  13 gnolls
  3 adders
  2 shadow imps
  3 white imps
  2 ufetubi
  An ooze (D:2)
  2 adder zombies
  3 adder skeletons
  2 worms
  4 dart slugs
  3 leopard geckos
  41 orcs
  A ball python (D:4)
  4 bats
  2 giant cockroaches
  10 hobgoblins
  A jackal (D:7)
  7 quokkas
  4 frilled lizards
  16 goblins
  8 kobolds
  3 rats
277 creatures vanquished.

Vanquished Creatures (collateral kills)
  A bullfrog (D:9)
1 creature vanquished.

Vanquished Creatures (others)
  8 fungi
  2 plants (Lair:1)
10 creatures vanquished.

Grand Total: 288 creatures vanquished

Notes
Turn   | Place    | Note
-------+----------+-------------------------------------------
     0 | D:1      | wullow the Gnoll Venom Mage began the quest for the Orb.
     0 | D:1      | Reached XP level 1. HP: 13/13 MP: 6/6
   157 | D:1      | Reached XP level 2. HP: 13/19 MP: 1/7
   226 | D:1      | Learned a level 2 spell: Poisonous Vapours
   615 | D:1      | Reached XP level 3. HP: 25/25 MP: 1/9
   817 | D:1      | Reached skill level 5 in Spellcasting
  1145 | D:2      | Reached skill level 1 in Invocations
  1275 | D:2      | Reached skill level 1 in Fighting
  1275 | D:2      | Reached skill level 1 in Short Blades
  1275 | D:2      | Reached skill level 1 in Long Blades
  1275 | D:2      | Reached skill level 1 in Axes
  1275 | D:2      | Reached skill level 1 in Maces & Flails
  1275 | D:2      | Reached skill level 1 in Polearms
  1275 | D:2      | Reached skill level 1 in Staves
  1275 | D:2      | Reached skill level 1 in Slings
  1275 | D:2      | Reached skill level 1 in Bows
  1275 | D:2      | Reached skill level 1 in Crossbows
  1275 | D:2      | Reached skill level 1 in Throwing
  1275 | D:2      | Reached skill level 1 in Armour
  1275 | D:2      | Reached skill level 1 in Shields
  1275 | D:2      | Reached skill level 1 in Unarmed Combat
  1275 | D:2      | Reached skill level 1 in Evocations
  1344 | D:2      | Noticed Robin
  1350 | D:2      | Killed Robin
  1350 | D:2      | Reached XP level 4. HP: 27/32 MP: 2/11
  1751 | D:2      | Learned a level 3 spell: Mephitic Cloud
  1755 | D:2      | Learned a level 3 spell: Ignite Poison
  1819 | D:2      | Found a radiant altar of Vehumet.
  1825 | D:2      | Found a hide-covered altar of Uskayaw.
  1833 | D:2      | Found a white marble altar of Elyvilon.
  1834 | D:2      | Found a blossoming altar of Fedhas.
  2284 | D:3      | Reached skill level 1 in Conjurations
  2284 | D:3      | Reached skill level 1 in Hexes
  2284 | D:3      | Reached skill level 1 in Summonings
  2284 | D:3      | Reached skill level 1 in Necromancy
  2284 | D:3      | Reached skill level 1 in Translocations
  2284 | D:3      | Reached skill level 1 in Fire Magic
  2284 | D:3      | Reached skill level 1 in Ice Magic
  2284 | D:3      | Reached skill level 1 in Air Magic
  2284 | D:3      | Reached skill level 1 in Earth Magic
  2611 | D:3      | Reached XP level 5. HP: 30/37 MP: 2/12
  2913 | D:3      | Found a shimmering altar of Xom.
  2913 | D:3      | Found a shimmering blue altar of Sif Muna.
  2917 | D:3      | Became a worshipper of Sif Muna the Loreminder
  2939 | D:4      | Noticed Blork the orc
  2961 | D:3      | Killed Blork the orc
  3092 | D:4      | Noticed Eustachio
  3104 | D:4      | Killed Eustachio
  3104 | D:4      | Reached skill level 5 in Dodging
  3104 | D:4      | Reached XP level 6. HP: 44/44 MP: 5/14
  3371 | D:4      | Noticed Ijyb
  3382 | D:4      | Killed Ijyb
  3429 | D:4      | Reached XP level 7. HP: 43/50 MP: 2/15
  3746 | D:4      | Found a burning altar of Makhleb.
  3789 | D:4      | Noticed Edmund
  3794 | D:4      | Killed Edmund
  3794 | D:4      | Reached skill level 5 in Stealth
  4141 | D:4      | Noticed Pikel
  4162 | D:4      | Killed Pikel
  4162 | D:4      | Reached XP level 8. HP: 56/58 MP: 3/17
  4322 | D:4      | Reached * piety under Sif Muna
  4605 | D:5      | Entered Level 5 of the Dungeon
  4676 | D:5      | Found an opulent altar of Gozag.
  5511 | D:5      | Found Bimaep's Armour Shop.
  5769 | D:5      | Found a glowing golden altar of the Shining One.
  5799 | D:5      | Reached XP level 9. HP: 35/65 MP: 8/18
  6440 | D:6      | Found a staircase to the Ecumenical Temple.
  6523 | Temple   | Entered the Ecumenical Temple
  6786 | D:6      | Noticed Maggie
  6821 | D:6      | Killed Maggie
  7866 | D:7      | Reached skill level 5 in Invocations
  7973 | D:7      | Found a transporter.
  7973 | D:7      | Found a transporter.
  8070 | D:7      | Reached ** piety under Sif Muna
  8224 | D:7      | Found a shadowy altar of Dithmenos.
  8379 | D:7      | Reached XP level 10. HP: 73/73 MP: 14/20
  9111 | D:8      | Reached skill level 5 in Fighting
  9111 | D:8      | Reached skill level 5 in Short Blades
  9111 | D:8      | Reached skill level 5 in Long Blades
  9111 | D:8      | Reached skill level 5 in Axes
  9111 | D:8      | Reached skill level 5 in Maces & Flails
  9111 | D:8      | Reached skill level 5 in Polearms
  9111 | D:8      | Reached skill level 5 in Staves
  9111 | D:8      | Reached skill level 5 in Slings
  9111 | D:8      | Reached skill level 5 in Bows
  9111 | D:8      | Reached skill level 5 in Crossbows
  9111 | D:8      | Reached skill level 5 in Throwing
  9111 | D:8      | Reached skill level 5 in Armour
  9111 | D:8      | Reached skill level 5 in Shields
  9111 | D:8      | Reached skill level 5 in Unarmed Combat
  9111 | D:8      | Reached skill level 5 in Evocations
  9560 | D:8      | Found a staircase to the Lair.
 10075 | D:8      | Reached *** piety under Sif Muna
 10431 | D:8      | Reached skill level 5 in Transmutations
 12391 | D:9      | Reached XP level 11. HP: 76/81 MP: 8/22
 12509 | D:9      | Noticed a two-headed ogre
 12515 | D:9      | Killed a two-headed ogre
 12730 | D:9      | Reached skill level 5 in Conjurations
 12730 | D:9      | Reached skill level 5 in Hexes
 12730 | D:9      | Reached skill level 5 in Summonings
 12730 | D:9      | Reached skill level 5 in Necromancy
 12730 | D:9      | Reached skill level 5 in Translocations
 12730 | D:9      | Reached skill level 5 in Fire Magic
 12730 | D:9      | Reached skill level 5 in Ice Magic
 12730 | D:9      | Reached skill level 5 in Air Magic
 12730 | D:9      | Reached skill level 5 in Earth Magic
 13156 | D:10     | Entered Level 10 of the Dungeon
 13174 | D:10     | Noticed Sonja
 13188 | D:10     | Killed Sonja
 13652 | D:10     | Noticed a two-headed ogre
 13678 | D:10     | Noticed Nergalle
 13709 | D:10     | Killed a two-headed ogre
 13720 | D:10     | Killed Nergalle
 13862 | D:10     | Found Tala's Assorted Antiques.
 14315 | Lair:1   | Entered Level 1 of the Lair of Beasts
 14682 | Lair:1   | Reached **** piety under Sif Muna
 15139 | Lair:1   | Identified the Almanac of Ice
 15216 | Lair:1   | Noticed a five-headed hydra
 15222 | Lair:1   | Killed a five-headed hydra
 15222 | Lair:1   | Reached XP level 12. HP: 53/89 MP: 12/24
 15710 | Lair:2   | Found a frozen archway.
 15818 | IceCv    | Entered an ice cave
 15913 | IceCv    | Learned a level 4 spell: Sticky Flame
 16464 | IceCv    | Killed from afar by an ice statue

Illustrated notes

Levels and vault maps discovered:
D:1:      tarquinn_simple_flora_water_a, layout_rooms
D:2:      layout_rooms, minitemple, uniq_robin
D:3:      layout_loops_ring, gammafunk_temple_overflow_wave
D:4:      layout_loops_ring, bloody_makhleb, grunt_ministairs_4,
          hangedman_abyss_or_decor_stabs, uniq_blork_the_orc, uniq_ijyb,
          uniq_edmund, uniq_pikel, uniq_eustachio
D:5:      layout_rooms, kennysheep_mini, overflow_temple_1_default,
          serial_shops, nicolae_shop_stone, lightli_corner_chamber
D:6:      layout_gridville, minmay_temple_entry_gardened_gates, uniq_maggie
D:7:      gammafunk_steamed_eel, layout_basic, lemuel_crystal_altar,
          kennysheep_cross_bottleneck, st_stairs_2
D:8:      layout_layer_cave, erik_lair_orcish_takeover, fungi_pond_lemuel
D:9:      layout_gridville
D:10:     layout_cave_pools, serial_shops, shop, uniq_sonja, uniq_nergalle
Temple:   minmay_temple_bridge_abc
Lair:1:   layout_chaotic_city
Lair:2:   layout_roguey, elwin_shoals_entry_rocks, gauntlet_entry_generic,
          portal_ice_cave_entry_ice_beasts, hibernation_bobbens
IceCv:    ice_cave_tombish

Skill      XL: |  1  2  3  4  5  6  7  8  9 10 11 12 |
---------------+-------------------------------------+-----
Transmutations | 2 3 4 5 6 |  6.2
Spellcasting   | 5 6 7 8 |  8.7
Invocations    | 1 2 3 4 5 6 7 |  7.7
Fighting       | 1 2 3 4 5 6 7 |  7.0
Short Blades   | 1 2 3 4 5 6 7 |  7.0
Long Blades    | 1 2 3 4 5 6 7 |  7.0
Axes           | 1 2 3 4 5 6 7 |  7.0
Maces & Flails | 1 2 3 4 5 6 7 |  7.0
Polearms       | 1 2 3 4 5 6 7 |  7.0
Staves         | 1 2 3 4 5 6 7 |  7.0
Slings         | 1 2 3 4 5 6 7 |  7.0
Bows           | 1 2 3 4 5 6 7 |  7.0
Crossbows      | 1 2 3 4 5 6 7 |  7.0
Throwing       | 1 2 3 4 5 6 7 |  7.0
Armour         | 1 2 3 4 5 6 7 |  7.0
Shields        | 1 2 3 4 5 6 7 |  7.0
Unarmed Combat | 1 2 3 4 5 6 7 |  7.0
Evocations     | 1 2 3 4 5 6 7 |  7.0
Conjurations   | 1 2 3 4 5 |  5.8
Hexes          | 1 2 3 4 5 |  5.8
Summonings     | 1 2 3 4 5 |  5.8
Necromancy     | 1 2 3 4 5 |  5.8
Translocations | 1 2 3 4 5 |  5.8
Fire Magic     | 1 2 3 4 5 |  5.8
Ice Magic      | 1 2 3 4 5 |  5.8
Air Magic      | 1 2 3 4 5 |  5.8
Earth Magic    | 1 2 3 4 5 |  5.8
Dodging        | 5 6 7 8 |  8.4
Stealth        | 5 6 7 8 |  8.2
Poison Magic   | 6 7 8 |  8.1

Action                   |  1- 3 |  4- 6 |  7- 9 | 10-12 || total
-------------------------+-------+-------+-------+-------++-------
Melee: Hand axe          |     7 |       |       |       ||     7
       Bite              |     1 |     1 |    20 |    32 ||    54
       Dagger            |       |     4 |   169 |    13 ||   186
       Punch             |       |       |     2 |       ||     2
       Rapier            |       |       |       |   156 ||   156
       Flail             |       |       |       |    44 ||    44
 Cast: Sting             |    34 |    37 |   124 |   175 ||   370
       Poisonous Vapours |    22 |    32 |    73 |   121 ||   248
       Mephitic Cloud    |       |       |    17 |    59 ||    76
       Ignite Poison     |       |       |    10 |    39 ||    49
       Sticky Flame      |       |       |       |     2 ||     2
Invok: Channel Magic     |       |       |       |     1 ||     1
Evoke: Wand              |       |       |       |     1 ||     1
  Use: Scroll            |       |       |     4 |     9 ||    13
       Potion            |       |       |     1 |     1 ||     2
 Stab: Confused          |       |       |       |     1 ||     1
Armor: Robe              |       |     3 |    13 |       ||    16
       Steam dragon scal |       |       |    21 |    54 ||    75
Dodge: Dodged            |    11 |    14 |   148 |   182 ||   355
Block: Buckler           |       |       |       |    81 ||    81

Table legend: (Time is in decaauts)
 A = Elapsed time spent in this place.
 B = Non-inter-level travel time spent in this place.
 C = Inter-level travel time spent in this place.
 D = Time resting spent in this place.
 E = Time spent auto-exploring this place.
 F = Levels seen in this place.
 G = Mean time per level.
                   A        B        C        D        E       F      G
               +--------+--------+--------+--------+--------+-----+--------+
         Total |  16427 |  15793 |    634 |   6505 |   6455 |  14 | 1173.4 |
       Dungeon |  14076 |  13509 |    567 |   5420 |   5736 |  10 | 1407.6 |
        Temple |    204 |    180 |     24 |      0 |    179 |   1 |  204.0 |
          Lair |   1498 |   1455 |     43 |    575 |    540 |   2 |  749.0 |
      Ice Cave |    647 |    647 |      0 |    510 |      0 |   1 |  647.0 |
               +--------+--------+--------+--------+--------+-----+--------+

Top non-repeatable levels by time:
     D:8: 2485 daAuts
     D:9: 1784 daAuts
     D:4: 1670 daAuts
     D:5: 1579 daAuts
  Lair:1: 1372 daAuts
     D:6: 1250 daAuts
     D:2: 1229 daAuts
     D:7: 1196 daAuts
    D:10: 1029 daAuts
     D:1: 964 daAuts
     D:3: 887 daAuts
   IceCv: 647 daAuts
  Temple: 204 daAuts
  Lair:2: 126 daAuts
